 Dungeon Crawl Stone Soup version 0.30-a0-377-g5cb311bc9f (webtiles) character file.

Game seed: 1932559386385459782

277 porpoise the Shooter (level 6, -2/38 HPs)
             Began as a Tengu Hunter on Nov 29, 2022.
             Slain by a bullfrog (5 damage)
             ... in a sewer.
             The game lasted 00:09:33 (2435 turns).

porpoise the Shooter (Tengu Hunter)                 Turns: 2435, Time: 00:09:34

Health: -2/38      AC:  3    Str: 11    XL:     6   Next: 26%
Magic:  7/7        EV: 14    Int: 10    God:
Gold:   138        SH:  0    Dex: 19    Spells: 5/5 levels left

rFire   . . .      SeeInvis .    a - +0 shortbow
rCold   . . .      Faith    .    (shield currently unavailable)
rNeg    . . .      Spirit   .    c - +0 leather armour
rPois   .          Reflect  .    (helmet restricted)
rElec   .          Harm     .    (no cloak)
rCorr   .          Rampage  .    (no gloves)
Will    .....                    (boots unavailable)
Stlth   ++........               (no amulet)
HPRegen 0.26/turn                (no ring)
MPRegen 0.10/turn                (no ring)

@: flying quickly and evasively, invisible, quick
A: beak, talons 3, nimble flight
a: no special abilities


You were in a sewer.
You visited 1 branch of the dungeon, and saw 3 of its levels.
You also visited: Sewer.

You collected 138 gold pieces.

Inventory:

Hand Weapons
 a - a +0 shortbow (weapon)
Missiles
 k - 2 poisoned darts
 o - a throwing net
Armour
 c - a +0 leather armour (worn)
Jewellery
 j - a ring of wizardry
Scrolls
 b - a scroll of immolation
 d - a scroll of magic mapping
 e - a scroll of vulnerability
 p - a scroll of fear {unknown}
 q - a scroll of enchant weapon {unknown}
 r - a scroll of noise {unknown}
 t - a scroll of brand weapon {unknown}
Potions
 f - a potion of berserk rage
 h - 2 potions of attraction
 i - 2 potions of haste
 m - a potion of heal wounds {unknown}
 n - a potion of resistance {unknown}


   Skills:
 + Level 3.9 Fighting
 * Level 7.1 Ranged Weapons
 - Level 2.1 Dodging
 - Level 1.0 Stealth


You had 5 spell levels left.
You didn't know any spells.
Your spell library contained the following spells:

 Spells                   Type           Power      Damage    Failure   Level
 Scorch                   Fire           0%         2d5       58%         2
 Flame Wave               Conj/Fire      0%         2d4       99%         4
 Summon Cactus Giant      Summ           0%         N/A       100%        6


Dungeon Overview and Level Annotations

Branches:
Dungeon (3/15)              Sewer (1/1)

Altars:

Shops:
D:2 :


Innate Abilities, Weirdness & Mutations

You have a beak for a mouth.
You have claws for feet.
Your magical nature lets you fly swiftly and evasively.


Message History

The arrow closely misses the ball python.
The ball python misses you. The adder barely misses you.
The ball python barely misses you.
The ball python bites you but does no damage.
The ball python constricts you. The frilled lizard bites you.
The ball python barely misses you.
Fire: a) +0 shortbow
Press: ? - help, Q - select action, (/) - cycle Shift-Dir - straight line, f - adder, p - ball python
Aim: an adder (severely wounded, 50% to hit)
You shoot an arrow. The arrow hits the adder!
You kill the adder!
The ball python closely misses you. The bullfrog barely misses you.
The bullfrog hits you.
The ball python bites you but does no damage.
The ball python constricts you.
The ball python bites you but does no damage.
The frilled lizard closely misses you. x2; The bullfrog hits you!
The ball python closely misses you. The bullfrog barely misses you.
The ball python closely misses you. The ball python constricts you.
You escape the ball python's grasp.
The ball python bites you. The ball python misses you. The bullfrog hits you.
* * * LOW HITPOINT WARNING * * *
The frilled lizard closely misses you.
The frilled lizard completely misses you.
The bullfrog barely misses you.
The frilled lizard completely misses you.
The bullfrog completely misses you. The ball python barely misses you.
The ball python closely misses you. The bullfrog attacks as you move away!
The bullfrog closely misses you. x2
The ball python barely misses you. x2
The ball python attacks as you move away!
The ball python misses you. The ball python barely misses you.
The bullfrog hits you!
* * * LOW HITPOINT WARNING * * *
The bullfrog barely misses you.
You fade into invisibility!
The bullfrog misses you. The ball python bites you.
* * * LOW HITPOINT WARNING * * *
The bullfrog hits you.
You die...

##...............##
#....†.†#.........#
##.....†##'##...†..##
#......###..##......#
##~~~~.# #.!###~~~~##
#~~~≈≈~# #####~≈~~~~#
#≈~~≈≈≈# #≈≈~~≈~#
#≈~≈~~≈# #≈~~≈≈≈#
#≈≈≈~≈~# #≈S@~≈≈#
#≈≈~≈~~# #≈SFFl≈#
#≈~~~~≈# #≈≈S~≈~#
#~~[.~≈# #≈ll#~≈#
#≈~~~~≈# #≈≈≈≈.~#
#~~≈~≈≈# #≈≈≈≈.≈#
#~~≈≈≈≈# #≈≈r≈~≈#
#~~~≈~≈# #≈~†~≈≈#
#≈≈~~≈~# #≈≈~~~≈#


You could see 2 bullfrogs, 3 ball pythons, 3 frilled lizards and a rat (unable
to see you).

Vanquished Creatures
  An ogre (D:3)
  A gnoll (D:1)
  5 river rats (Sewer)
  7 adders
  5 orcs (D:3)
  10 ball pythons
  3 endoplasms
  2 giant cockroaches
  2 hobgoblins (D:2)
  5 quokkas
  5 bats
  3 frilled lizards
  8 goblins
  2 kobolds
  28 rats
87 creatures vanquished.

Notes
Turn   | Place    | Note
-------+----------+-------------------------------------------
     0 | D:1      | porpoise the Tengu Hunter began the quest for the Orb.
     0 | D:1      | Reached XP level 1. HP: 12/12 MP: 2/2
   208 | D:1      | Found a faded altar of an unknown god.
   306 | D:1      | Reached XP level 2. HP: 17/17 MP: 3/3
   317 | D:1      | Reached skill level 5 in Ranged Weapons
   527 | D:1      | Reached XP level 3. HP: 22/22 MP: 4/4
  1019 | D:2      | Found Joyh Dub's Book Boutique.
  1606 | D:3      | Reached XP level 4. HP: 27/27 MP: 5/5
  1663 | D:3      | Noticed an ogre
  1670 | D:3      | Killed an ogre
  1671 | D:3      | Reached skill level 6 in Ranged Weapons
  1671 | D:3      | Gained mutation: Your magical nature lets you fly swiftly
                  | and evasively. [Tengu growth]
  1671 | D:3      | Reached XP level 5. HP: 21/32 MP: 6/6
  1703 | D:3      | Found a glowing drain.
  1707 | Sewer    | Entered a sewer
  2173 | Sewer    | Reached XP level 6. HP: 34/38 MP: 7/7
  2363 | Sewer    | Reached skill level 7 in Ranged Weapons
  2435 | Sewer    | Slain by a bullfrog

Illustrated notes

Levels and vault maps discovered:
D:1:      dpeg_arrival_long_road, layout_basic,
          shapermc_ecumenical_altar_pompeii
D:2:      layout_loops_corners, serial_shops,
          nicolae_shop_temple_entry_statues_fountains
D:3:      layout_loops_ring, gup_sewer_entry_bowl
Sewer:    sewer_minmay_w

Skill      XL: |  1  2  3  4  5  6 |
---------------+-------------------+-----
Ranged Weapons | 5 6 7 |  7.1
Fighting       | 3 |  3.9
Dodging        | |  2.1
Stealth        | |  1.0

Action                   |  1- 3 |  4- 6 || total
-------------------------+-------+-------++-------
 Fire: Shortbow          |    76 |   134 ||   210
  Use: Scroll            |     7 |     1 ||     8
       Potion            |       |     2 ||     2
Armor: Leather armour    |     6 |    14 ||    20
Dodge: Dodged            |    23 |    99 ||   122

Table legend: (Time is in decaauts)
 A = Elapsed time spent in this place.
 B = Non-inter-level travel time spent in this place.
 C = Inter-level travel time spent in this place.
 D = Time resting spent in this place.
 E = Time spent auto-exploring this place.
 F = Levels seen in this place.
 G = Mean time per level.
                   A        B        C        D        E       F      G
               +--------+--------+--------+--------+--------+-----+--------+
         Total |   2459 |   2417 |     42 |    569 |   1249 |   4 |  614.8 |
       Dungeon |   1737 |   1695 |     42 |    208 |   1208 |   3 |  579.0 |
         Sewer |    722 |    722 |      0 |    361 |     41 |   1 |  722.0 |
               +--------+--------+--------+--------+--------+-----+--------+

Top non-repeatable levels by time:
     D:1: 797 daAuts
     D:2: 796 daAuts
   Sewer: 722 daAuts
     D:3: 143 daAuts
